 Dungeon Crawl Stone Soup version 0.30.1-4-g462c640d31 (webtiles) character file.

Game seed: 8025217048840863667

228 safid the Chiller (level 6, -3/47 HPs)
             Began as a Merfolk Ice Elementalist on Aug 28, 2023.
             Slain by a phantom (5 damage)
             ... on level 5 of the Dungeon.
             The game lasted 00:03:45 (3608 turns).

safid the Chiller (Merfolk Ice Elementalist)        Turns: 3608, Time: 00:03:46

Health: -3/47      AC: 10    Str:  8    XL:     6   Next: 2%
Magic:  6/11       EV: 12    Int: 16    God:
Gold:   169        SH:  0    Dex: 15    Spells: 5/12 levels left

rFire   . . .        d - +0 dagger
rCold   . . .        (no shield)
rNeg    . . .        a - +0 robe
rPois   .            (no helmet)
rElec   .            (no cloak)
rCorr   .            (no gloves)
SInv    .            n - +1 pair of boots
Will    .....        i - amulet of the acrobat
Stlth   ++           (no ring)
HPRegen 0.27/turn    (no ring)
MPRegen 0.12/turn

%: acrobat
@: ice-armoured
A: (nimble swimmer 2), mertail
a: no special abilities


You were on level 5 of the Dungeon.
You visited 1 branch of the dungeon, and saw 5 of its levels.

You collected 169 gold pieces.

Inventory:

Hand Weapons
 d - a +0 dagger (weapon)
Armour
 a - a +0 robe (worn)
 n - a +1 pair of boots (worn)
Jewellery
 i - an amulet of the acrobat (around neck)
Wands
 w - a wand of iceblast (11)
Scrolls
 e - 2 scrolls of identify {unknown}
 f - a scroll of blinking {unknown}
 j - a scroll of immolation {unknown}
 l - a scroll of enchant weapon {unknown}
 q - a scroll of amnesia {unknown}
 r - a scroll of fog {unknown}
 t - a scroll of poison {unknown}
 u - 3 scrolls of magic mapping {unknown}
Potions
 b - 2 potions of magic
 c - a potion of lignification {unknown}
 g - 4 potions of brilliance {unknown}
 h - 2 potions of haste {unknown}
 k - 3 potions of degeneration {unknown}
 m - a potion of heal wounds {unknown}
 o - a potion of flight {unknown}
 p - 2 potions of might {unknown}
 s - 2 potions of attraction {unknown}
 v - a potion of mutation {unknown}


   Skills:
 + Level 3.4 Fighting
 - Level 2.6 Dodging
 - Level 2.1 Stealth
 + Level 3.5 Spellcasting
 + Level 5.7 Ice Magic


You had 5 spell levels left.
You knew the following spells:

 Your Spells              Type           Power      Damage    Failure   Level
a - Freeze                Ice            84%        1d9       1%          1
b - Frozen Ramparts       Ice            42%        1d7       4%          3
c - Ozocubu's Armour      Ice            21%        N/A       4%          3

Your spell library contained the following spells:

 Spells                   Type           Power      Damage    Failure   Level
 Apportation              Tloc           4%         N/A       19%         1
 Necrotise                Necr           8%         1d4       19%         1
 Summon Small Mammal      Summ           8%         N/A       19%         1
 Inner Flame              Hex/Fire       2%         N/A       47%         3
 Summon Ice Beast         Ice/Summ       11%        N/A       50%         4
 Flame Wave               Conj/Fire      2%         2d4       87%         4
 Sticky Flame             Conj/Fire      2%         2d3       87%         4


Dungeon Overview and Level Annotations

Branches:
Dungeon (5/15)
 Temple: D:4-7

Altars:
Sif Muna


Innate Abilities, Weirdness & Mutations

((You are very nimble when in or above water. (Stealth+, EV+, Speed+++)))
Your lower body shifts to a powerful aquatic tail in water.


Message History

The phantom is heavily damaged.
The phantom hits you but does no damage.
You closely miss the phantom. Your punch misses the phantom.
The phantom is heavily damaged.
The phantom hits you.
* * * LOW HITPOINT WARNING * * *
You barely miss the phantom.
The phantom is heavily damaged.
The phantom closely misses you.
You hit the phantom but do no damage.
The phantom is heavily damaged.
The phantom hits you.
* * * LOW HITPOINT WARNING * * *
You closely miss the phantom.
The phantom is heavily damaged.
The phantom hits you.
* * * LOW HITPOINT WARNING * * *
You hit the phantom but do no damage.
The phantom is heavily damaged.
The phantom hits you but does no damage.
You hit the phantom.
The phantom is heavily damaged.
The phantom hits you.
* * * LOW HITPOINT WARNING * * *
You hit the phantom but do no damage.
The phantom is heavily damaged.
The phantom hits you.
* * * LOW HITPOINT WARNING * * *
The phantom blinks!
You blink.
You hit the phantom but do no damage.
The phantom is heavily damaged.
The phantom closely misses you.
Casting: Ozocubu's Armour (dangerous; 4% risk of failure)
Confirm with . or Enter, or press ? or * to list all spells.
A film of ice covers your body! The phantom closely misses you.
The phantom completely misses you.
You closely miss the phantom.
The phantom is heavily damaged.
The phantom hits you.
You die...

#.# #.# #.## #.#
#.###.## #.#
#.##...#
######.###.###.##
#........§.# #.##
#.####.##§.###.##
#.#.##.##[.......
###......##.####.#.
+.@W...............
###.....###.####...
#.#.#.# #.# #.##
#..)... ..# #.##
####.###### #... #.
#... .. #### .. # #


You could see a phantom.

Vanquished Creatures
  An ogre (D:4)
  An orc priest (D:4)
  An orc wizard (D:4)
  An adder (D:3)
  A white imp (D:5)
  2 dart slugs
  9 orcs (D:4)
  4 endoplasms
  4 giant cockroaches
  4 hobgoblins
  3 quokkas
  3 ball pythons
  7 bats
  4 frilled lizards
  7 goblins
  7 kobolds
  4 rats
63 creatures vanquished.

Notes
Turn   | Place    | Note
-------+----------+-------------------------------------------
     0 | D:1      | safid the Merfolk Ice Elementalist began the quest for the
                  | Orb.
     0 | D:1      | Reached XP level 1. HP: 13/13 MP: 3/3
   272 | D:1      | Reached XP level 2. HP: 18/20 MP: 3/5
   363 | D:1      | Reached skill level 1 in Fighting
  1096 | D:2      | Reached XP level 3. HP: 18/26 MP: 4/6
  1661 | D:2      | Learned a level 3 spell: Frozen Ramparts
  1665 | D:2      | Learned a level 3 spell: Ozocubu's Armour
  1879 | D:3      | Found a shimmering blue altar of Sif Muna.
  2195 | D:3      | Reached XP level 4. HP: 33/33 MP: 8/8
  2216 | D:3      | Reached skill level 5 in Ice Magic
  2359 | D:3      | Found a faded altar of an unknown god.
  2439 | D:4      | Noticed an ogre
  2445 | D:4      | Killed an ogre
  2446 | D:4      | Reached XP level 5. HP: 14/40 MP: 3/9
  3392 | D:5      | Entered Level 5 of the Dungeon
  3436 | D:5      | Reached XP level 6. HP: 45/47 MP: 4/11
  3604 | D:5      | HP: 1/47 [phantom (2)]
  3608 | D:5      | Slain by a phantom

Illustrated notes

Levels and vault maps discovered:
D:1:      dreamdust_arrival_sigmund_warning, layout_basic, minmay_door_square
D:2:      layout_basic, serial_corexii_hall, corexii_hall_statues_deadend,
          corexii_hall_statues_s, corexii_hall_statues_l,
          chequers_hall_statues_corner_a
D:3:      layout_loops_ring, lemuel_round_altar,
          dilly_ecumenical_altar_fadedgnrine, chequers_serial_rivers_micro_e
D:4:      layout_loops_cross, grunt_decor_resistance
D:5:      layout_loops_corners, minmay_temple_entry_poolview, uniq_pikel,
          uniq_ijyb

Skill      XL: |  1  2  3  4  5 |
---------------+----------------+-----
Fighting       | 1 2 3 |  3.4
Ice Magic      | 5 |  5.7
Spellcasting   | 3 |  3.5
Dodging        | |  2.6
Stealth        | |  2.1

Action                     |  1- 3 |  4- 6 || total
---------------------------+-------+-------++-------
  Melee: Whip              |     7 |       ||     7
         Unarmed           |     3 |       ||     3
         Dagger            |   104 |    90 ||   194
         Punch             |     1 |     2 ||     3
   Cast: Freeze            |    28 |     4 ||    32
         Frozen Ramparts   |       |     6 ||     6
         Ozocubu's Armour  |       |     6 ||     6
   Stab: Sleeping          |     7 |     3 ||    10
 Armour: Robe              |    22 |    14 ||    36
  Dodge: Dodged            |    86 |    38 ||   124
